 Dungeon Crawl Stone Soup version 0.30-a0-1018-g25214051b3 (webtiles) character file.

Game seed: 12153595709977844194

536 greenreed the Trooper (level 7, -12/63 HPs)
             Began as a Minotaur Fighter on Apr 7, 2023.
             Was a Follower of Nemelex Xobeh.
             Mangled by an ogre
             ... wielding a +0 giant club
              (27 damage)
             ... on level 5 of the Dungeon.
             The game lasted 00:04:53 (3238 turns).

greenreed the Trooper (Minotaur Fighter)            Turns: 3238, Time: 00:04:53

Health: -12/63     AC: 12    Str: 23    XL:     7   Next: 4%
Magic:  6/6        EV:  6    Int:  5    God:    Nemelex Xobeh [*.....]
Gold:   282        SH:  4    Dex:  9    Spells: 6/6 levels left

rFire   . . .      SeeInvis .    a - +0 war axe
rCold   . . .      Faith    .    c - +0 buckler
rNeg    . . .      Spirit   .    o - +0 plate armour
rPois   .          Reflect  .    (helmet restricted)
rElec   .          Rampage  .    (no cloak)
rCorr   .                        (no gloves)
Will    .....                    (no boots) Stlth
                                 (no amulet)
HPRegen 0.30/turn                (no ring)
MPRegen 0.10/turn                (no ring)

@: no status effects
A: horns 2, retaliatory headbutt
a: Renounce Religion, Draw Escape, Draw Destruction, Draw Summoning


You were on level 5 of the Dungeon.
You worshipped Nemelex Xobeh.
Nemelex Xobeh was aware of your devotion.
You visited 1 branch of the dungeon, and saw 5 of its levels.
You also visited: Sewer.

You collected 282 gold pieces.

Inventory:

Hand Weapons
 a - a +0 war axe (weapon)
Missiles
 h - 7 boomerangs (quivered)
Armour
 c - a +0 buckler (worn)
 o - a +0 plate armour (worn)
Jewellery
 p - a +6 ring of intelligence
 s - an amulet of reflection
Scrolls
 e - 6 scrolls of identify {unknown}
 f - a scroll of brand weapon {unknown}
 j - a scroll of enchant armour {unknown}
 l - a scroll of silence {unknown}
 m - a scroll of teleportation {unknown}
 n - 2 scrolls of poison {unknown}
 r - 2 scrolls of summoning {unknown}
 t - a scroll of enchant weapon {unknown}
Potions
 b - a potion of haste {unknown}
 d - 3 potions of flight
 g - 3 potions of curing
 i - a potion of degeneration {unknown}
 k - 2 potions of heal wounds
 q - a potion of magic {unknown}
 u - a potion of cancellation {unknown}


   Skills:
 * Level 6.2 Fighting
 * Level 5.7 Axes
 + Level 5.2 Armour
 + Level 5.1 Shields


You had 6 spell levels left.
You didn't know any spells.
Your spell library contained the following spells:

 Spells                   Type           Power      Damage    Failure   Level
 Magic Dart               Conj           0%         1d3       100%        1
 Summon Small Mammal      Summ           0%         N/A       100%        1
 Cigotuvi's Dreadful Rot  Necr/Pois/Air  0%         N/A       100%        2
 Searing Ray              Conj           0%         2d4       100%        2
 Sublimation of Blood     Necr           0%         N/A       100%        2
 Call Canine Familiar     Summ           0%         N/A       100%        3
 Ignite Poison            Fire/Tmut/Pois 0%         N/A       100%        3
 Summon Guardian Golem    Hex/Summ       0%         N/A       100%        3
 Fulminant Prism          Conj/Hex       0%         3d5       100%        4
 Petrify                  Tmut/Erth      0%         N/A       100%        4
 Freezing Cloud           Conj/Ice/Air   0%         6-21      100%        5
 Irradiate                Conj/Tmut      0%         3d11      100%        5


Dungeon Overview and Level Annotations

Branches:
Dungeon (5/15)              Sewer (visited)
 Temple: D:4-7

Altars:
Nemelex Xobeh


Innate Abilities, Weirdness & Mutations

You have a pair of horns on your head.
You reflexively headbutt those who attack you in melee.


Message History

The phantom hits you but does no damage.
You closely miss the phantom. Your headbutt misses the phantom.
The phantom is heavily damaged.
The phantom completely misses you.
You hit the phantom.
The phantom is severely damaged.
The phantom barely misses you. The phantom hits you.
You closely miss the phantom. Your headbutt misses the phantom.
The phantom is severely damaged.
The phantom hits you but does no damage.
You completely miss the phantom. Your headbutt misses the phantom.
The phantom is severely damaged.
The phantom hits you.
The phantom blinks!
You blink.
You closely miss the phantom.
The phantom is severely damaged.
The phantom hits you. x2
You slash the phantom!
You destroy the phantom!
You have reached level 7!
An ogre comes into view. It is wielding a +0 giant club.
The ogre shouts!
The ogre hits you with a +0 giant club!!
You hit the ogre.
The ogre is lightly wounded.
The ogre hits you with a +0 giant club!
* * * LOW HITPOINT WARNING * * *
You are too injured to fight recklessly!
You feel much better.
You slash the ogre!
The ogre is heavily wounded.
The ogre barely misses you.
You slash the ogre!
The ogre is almost dead.
The ogre hits you with a +0 giant club!!
* * * LOW HITPOINT WARNING * * *
You hit the ogre but do no damage.
The ogre is almost dead.
The ogre hits you with a +0 giant club!!
You die...
Your body disappears without a glow.

..#####.. #.......$
.......########
###...#.....#...
...........#.####
##.#......#......)#
.......#.....#.##.# #
#.....@.#.##.##.#
#........O###.......#
#...#####.#
####.##### #.. #.#
#......# ## ..
#..###.# .. #...##.#
... #.#.##.# ...
#......# #......#


You could see an ogre.

Vanquished Creatures
  A black bear (D:4)
  A phantom (D:5)
  2 kobold brigands (Sewer)
  2 hounds (D:4)
  An orc priest (D:4)
  An iguana (D:4)
  2 adders
  3 dart slugs
  7 orcs (D:4)
  11 ball pythons
  6 bats
  3 endoplasms
  3 giant cockroaches
  6 goblins
  8 hobgoblins
  5 jackals
  7 quokkas
  5 frilled lizards
  14 kobolds
  13 rats
101 creatures vanquished.

Notes
Turn   | Place    | Note
-------+----------+-------------------------------------------
     0 | D:1      | greenreed the Minotaur Fighter began the quest for the Orb.
     0 | D:1      | Reached XP level 1. HP: 19/19 MP: 0/0
   115 | D:1      | Reached XP level 2. HP: 27/27 MP: 1/1
   273 | D:1      | Reached skill level 4 in Fighting
   708 | D:1      | Reached XP level 3. HP: 33/33 MP: 2/2
  1620 | D:3      | Reached XP level 4. HP: 41/41 MP: 3/3
  1643 | D:3      | Found a glowing drain.
  1671 | Sewer    | Entered a sewer
  1731 | Sewer    | Noticed a kobold brigand
  1732 | Sewer    | Noticed a kobold brigand
  1766 | Sewer    | Killed a kobold brigand
  1767 | Sewer    | Reached XP level 5. HP: 8/47 MP: 4/4
  1770 | Sewer    | Reached skill level 5 in Fighting
  1968 | Sewer    | Found a white marble altar of Elyvilon.
  2098 | D:3      | Found a faded altar of an unknown god.
  2304 | D:3      | Found a sparkling altar of Nemelex Xobeh.
  2309 | D:3      | Became a worshipper of Nemelex Xobeh the Trickster
  2531 | D:4      | Reached XP level 6. HP: 55/56 MP: 5/5
  2613 | D:4      | Reached skill level 5 in Axes
  2651 | D:4      | Reached skill level 5 in Armour
  2793 | D:4      | Reached skill level 6 in Fighting
  2793 | D:4      | Reached skill level 5 in Shields
  2959 | D:4      | Reached * piety under Nemelex Xobeh
  3170 | D:5      | Entered Level 5 of the Dungeon
  3194 | D:5      | Received a gift from Nemelex Xobeh
  3213 | D:5      | Reached XP level 7. HP: 49/63 MP: 6/6
  3238 | D:5      | Mangled by an ogre

Illustrated notes

Levels and vault maps discovered:
D:1:      dpeg_arrival_tiny_i, layout_basic, minmay_pentomino_v4
D:2:      layout_basic
D:3:      layout_rooms, nemelex_diamond_rough_becter, portal_sewer_entry_c,
          shapermc_ecumenical_altar_starsandcircs
D:4:      layout_gridville, serial_park_tiny_2
D:5:      layout_loops_cross, trog_book, mainiacjoe_overflow_small_starburst,
          lightli_temple_of_fire, serial_shops, shop_fountains

Skill      XL: |  1  2  3  4  5  6 |
---------------+-------------------+-----
Axes           | 3 4 5 |  5.7
Armour         | 4 5 |  5.2
Fighting       | 4 5 6 |  6.2
Shields        | 4 5 |  5.1

Action                     |  1- 3 |  4- 6 |  7- 9 || total
---------------------------+-------+-------+-------++-------
  Melee: War axe           |    90 |   119 |     4 ||   213
         Headbutt          |     7 |    15 |       ||    22
    Use: Potion            |       |     1 |     1 ||     2
 Armour: Scale mail        |    42 |       |       ||    42
         Plate armour      |       |    82 |       ||    82
  Dodge: Dodged            |    47 |    31 |     1 ||    79
  Block: Buckler           |    22 |    23 |       ||    45

Table legend: (Time is in decaauts)
 A = Elapsed time spent in this place.
 B = Non-inter-level travel time spent in this place.
 C = Inter-level travel time spent in this place.
 D = Time resting spent in this place.
 E = Time spent auto-exploring this place.
 F = Levels seen in this place.
 G = Mean time per level.
                   A        B        C        D        E       F      G
               +--------+--------+--------+--------+--------+-----+--------+
         Total |   3369 |   3277 |     92 |    147 |   2478 |   6 |  561.5 |
       Dungeon |   2962 |   2870 |     92 |      0 |   2324 |   5 |  592.4 |
         Sewer |    406 |    406 |      0 |    147 |    154 |   1 |  406.0 |
               +--------+--------+--------+--------+--------+-----+--------+

Top non-repeatable levels by time:
     D:1: 1138 daAuts
     D:4: 758 daAuts
     D:2: 515 daAuts
     D:3: 478 daAuts
   Sewer: 406 daAuts
     D:5: 71 daAuts
